Map: Prion Terraces

Players

xKawaiian - Winner!

  • Race: Terran Terran
  • League: Master

Hunch

  • Race: Zerg Zerg
  • League: Master

VOD

Have the link to the VOD?

Description

Time

  • Played on: Jan. 8, 2016, 9:37 p.m.
  • Length: 10:13
Show
View Real Time Build Order
Export as new Build Order

xKawaiian Terran - Winner!

Build Orders: Reaper Expand, MMM Bio 

Get SALT Encoding   

  12  0:01  SCV  
  13  0:13  SCV  
  14  0:18  Supply Depot  
  14  0:25  SCV  
  15  0:39  SCV  
  15  0:41  Barracks  
  16  0:45  Refinery  
  16  0:51  SCV  
  17  1:03  SCV  
  18  1:15  SCV  
  19  1:29  Reaper, Orbital Command  
  20  1:40  Command Center  
  20  1:50  Supply Depot  
  20  1:55  SCV  
  21  2:02  Barracks Reactor  
  21  2:08  Barracks  
  21  2:09  SCV  
  22  2:16  Barracks  
  22  2:22  SCV  
  23  2:34  SCV  
  24  2:38  Marine x2  
  26  2:46  SCV  
  27  2:52  Orbital Command  
  27  2:57  Barracks Tech Lab  
  27  2:58  SCV, Marine x2  
  28  3:05  Factory  
  30  3:10  SCV, Refinery  
  31  3:14  Marine  
  31  3:19  Stimpack  
  32  3:20  SCV  
  32  3:22  SCV  
  32  3:24  Marine  
  32  3:26  Marine  
  36  3:27  Marine  
  36  3:32  SCV, Marine  
  39  3:34  SCV  
  40  3:44  Supply Depot  
  40  3:45  SCV, Marine x2  
  43  3:51  Starport  
  43  3:52  Factory Reactor  
  43  3:54  SCV  
  44  3:56  Marine  
  44  3:59  SCV  
  46  4:06  SCV, Supply Depot  
  46  4:09  Supply Depot  
  46  4:11  SCV  
  46  4:13  Marine x3  
  46  4:16  Marine  
  51  4:18  SCV  
  51  4:23  SCV  
  53  4:30  Marine  
  54  4:33  SCV, Marine  
  54  4:36  Medivac x2  
  60  4:40  SCV  
  62  4:46  Command Center  
  62  4:48  SCV  
  62  4:51  Factory Reactor  
  62  4:52  SCV, Marine x2  
  66  4:53  Barracks Reactor  
  65  5:00  SCV  
  65  5:02  Supply Depot  
  65  5:04  SCV  
  65  5:06  Supply Depot  
  67  5:07  Medivac  
  69  5:14  Engineering Bay  
  69  5:15  Engineering Bay  
  69  5:19  SCV  
  69  5:20  Refinery  
  70  5:21  Refinery  
  70  5:23  Marine x3  
  70  5:24  SCV  
  70  5:28  Medivac  
  76  5:32  SCV  
  76  5:35  Hellion x2  
  81  5:36  Marine  
  81  5:40  Marine  
  81  5:41  Marine x2  
  85  5:49  Marine  
  84  5:54  Marine  
  86  5:58  Terran Infantry Weapons Level 1  
  86  5:59  Marauder  
  84  6:05  Barracks x2  
  84  6:06  Factory Tech Lab, Marine  
  83  6:13  Combat Shields  
  83  6:14  Orbital Command  
  83  6:16  Marine  
  83  6:17  SCV  
  84  6:21  SCV, Marauder  
  87  6:31  Terran Infantry Armor Level 1, Marine  
  87  6:32  Medivac x2  
  92  6:35  SCV  
  93  6:40  Orbital Command  
  93  6:42  Marauder  
  93  6:44  Marine x2  
  96  6:50  Siege Tank  
  96  6:52  SCV  
  96  6:53  Marine  
  101  6:57  Barracks Tech Lab  
  101  7:04  Armory  
  101  7:08  Marine  
  101  7:17  Marine  
  101  7:18  SCV, Marine x2  
  101  7:21  Marine  
  101  7:22  Marauder x2  
  100  7:27  Siege Tank  
  100  7:30  Marine  
  100  7:31  Orbital Command  
  100  7:32  Orbital Command  
  100  7:34  Marine  
  100  7:35  Supply Depot x2  
  100  7:36  Supply Depot x2  
  100  7:37  Marine  
  101  7:40  Medivac, Marine  
  101  7:43  Marauder x2, Orbital Command  
  101  7:44  Medivac  
  110  7:48  Marine  
  110  7:49  Concussive Shells  
  110  7:50  Supply Depot  
  111  7:51  Supply Depot  
  111  7:55  Supply Depot  
  111  7:58  Marine  
  112  8:01  Marine x2  
  112  8:02  Marine  
  112  8:05  Marauder x2  
  119  8:10  Marine x2  
  121  8:14  SCV  
  121  8:15  Marine  
  123  8:21  Barracks, Medivac  
  123  8:23  Barracks  
  123  8:25  Marine  
  123  8:26  Marauder x2  
  130  8:27  Marine  
  130  8:32  Marine x2  
  130  8:33  Marine  
  134  8:40  Medivac  
  136  8:41  Marine  
  136  8:46  Marine x2  
  136  8:48  Marauder x2  
  143  8:50  Marine x2  
  143  8:51  Marine  
  143  8:59  Marine  
  131  9:04  Marine  
  131  9:07  Medivac  
  131  9:08  Marine  
  131  9:09  Marauder x2  
  120  9:10  Medivac  
  120  9:16  Barracks Tech Lab  
  111  9:17  Marine x3  
  111  9:18  Marine  
  111  9:20  Marine  
  111  9:22  SCV, Marine  
  116  9:26  Refinery, Marine  
  116  9:27  Refinery  
  116  9:28  Supply Depot  
  116  9:30  Supply Depot x2, Marauder x2  
  119  9:35  Marine x4  
  119  9:37  Medivac  
  122  9:41  Marauder, Marine x2  
  122  9:43  Marine  
  127  9:49  SCV  
  127  9:51  Marine  
  127  9:52  Marauder  
  128  9:53  Marine  
Show
View Real Time Build Order
Export as new Build Order

Hunch Zerg 

Build Orders: Hatch First 

Get SALT Encoding   

  12  0:01  Drone  
  13  0:07  Drone  
  14  0:24  Drone, Extractor  
  14  0:25  Drone, Extractor  
  16  0:32  Overlord  
  16  0:51  Hatchery, Drone  
  16  0:55  Drone  
  17  1:00  Drone  
  18  1:10  Extractor  
  17  1:14  Spawning Pool  
  17  1:17  Drone  
  17  1:20  Drone  
  18  1:29  Drone  
  19  1:39  Overlord  
  19  2:00  Queen  
  21  2:01  Zergling x4  
  21  2:03  Zergling x2, Queen  
  26  2:12  Metabolic Boost  
  26  2:13  Drone  
  26  2:14  Drone  
  28  2:27  Drone  
  28  2:28  Drone  
  30  2:32  Extractor  
  29  2:41  Drone x2  
  32  2:48  Hatchery  
  31  2:59  Drone x4  
  31  3:04  Queen  
  31  3:05  Extractor  
  36  3:06  Overlord  
  36  3:17  Lair  
  36  3:24  Overlord  
  36  3:25  Drone  
  36  3:26  Drone  
  38  3:28  Roach Warren  
  38  3:30  Drone, Extractor  
  38  3:33  Drone  
  38  3:35  Drone  
  38  3:36  Drone  
  40  3:41  Drone  
  40  3:42  Drone  
  40  3:43  Drone  
  42  4:03  Drone x7  
  49  4:10  Drone  
  49  4:13  Extractor  
  49  4:16  Glial Reconstitution  
  49  4:18  Spore Crawler  
  49  4:20  Spore Crawler  
  47  4:31  Drone, Roach x4  
  52  4:32  Roach  
  52  4:33  Overlord  
  52  4:34  Overlord x3  
  58  4:39  Overlord  
  58  4:45  Overseer  
  58  5:03  Roach  
  58  5:04  Roach x8  
  76  5:08  Evolution Chamber  
  76  5:09  Evolution Chamber, Overlord x2  
  76  5:11  Drone  
  75  5:16  Roach  
  75  5:17  Roach  
  75  5:19  Ravager, Roach  
  82  5:23  Roach  
  82  5:27  Roach x2  
  88  5:40  Drone x7, Extractor  
  88  5:41  Drone x2  
  88  5:42  Overlord, Extractor  
  95  5:44  Ravager x2  
  95  5:53  Roach  
  95  5:54  Roach  
  96  6:00  Roach x3  
  96  6:01  Overlord  
  102  6:22  Roach x6  
  114  6:27  Hatchery  
  114  6:31  Overseer  
  113  6:32  Zerg Ground Armor Level 1  
  113  6:35  Drone  
  114  6:55  Overlord x3  
  114  7:08  Infestation Pit  
  113  7:21  Roach x3  
  113  7:22  Roach x2  
  118  7:49  Roach x3  
  124  7:52  Hive, Infestation Pit  
  124  7:55  Zerg Missile Weapons Level 1  
  124  7:56  Roach x3  
  124  7:57  Overlord  
  129  8:02  Drone x5  
  129  8:03  Drone x7, Overlord x3  
  141  8:12  Extractor  
  140  8:13  Drone x2  
  140  8:15  Overlord x2  
  140  8:16  Overseer  
  140  8:19  Overlord  
  142  8:21  Pneumatized Carapace  
  142  8:27  Spore Crawler  
  142  8:29  Spine Crawler  
  142  8:30  Spine Crawler  
  142  8:33  Spine Crawler  
  138  8:34  Spine Crawler  
  138  8:37  Spine Crawler  
  138  8:39  Spine Crawler  
  135  8:43  Overlord  
  135  8:44  Roach x4  
  143  8:54  Roach x4  
  143  8:55  Roach x2  
  145  9:02  Roach x3  
  135  9:03  Roach  
  135  9:06  Roach x2  
  115  9:11  Roach x3  
  115  9:15  Roach x2  
  97  9:17  Roach  
  97  9:23  Roach x3  
  95  9:27  Roach x2  
  91  9:32  Ravager x3  
  91  9:33  Roach x2  
  91  9:34  Roach  
  91  9:41  Roach x3  
  91  9:42  Roach  
  82  9:45  Roach  
  82  9:46  Roach  
  82  9:48  Roach  
  72  9:53  Roach  
Tags
 
Add a new tag
Caveats
  • Supply blocks, unpowered buildings, or Contaminate may cause inaccurate times.
  • Supply counts are checked every 10 seconds.